[Event "WSTCC-50 2024"]
[Site "Krakow"]
[Date "2024.07.05"]
[Round "4.6"]
[White "Lauterbach, Ingrid"]
[Black "Kaspi, Alexander"]
[Result "0-1"]
[ECO "E15"]
[WhiteElo "2023"]
[BlackElo "2365"]
[Annotator "TA"]
[PlyCount "100"]
[EventDate "2024.07.01"]
[EventType "team-tourn"]
[EventCountry "POL"]
[SourceTitle "playchess.com"]
[Source "ChessBase"]
[SourceQuality "1"]
[TimeControl "40/5400+30:1800+30"]

1. d4 Nf6 2. c4 e6 3. Nf3 b6 4. g3 Ba6 5. Qc2 Bb7 6. Bg2 c5 7. dxc5 {[%emt 0:05:09] E15: Queen's Indian: 4 g3 sidelines, 4 g3 Ba6 and 4 g3 Bb7 early deviations.} bxc5 8. Nc3 Be7 9. O-O O-O 10. Bg5 Qb6 11. Rad1 d6 $146 ({Predecessor:} 11... h6 12. Bf4 d6 13. e4 Rd8 14. Na4 Qc6 15. e5 dxe5 16. Bxe5 Nbd7 17. Bf4 Nb6 18. Nxb6 axb6 {0-1 Chernyshov,K (2532)-Nisipeanu,L (2661) Bayern-chI Bank Hofmann 16th 2012 (5)}) 12. e4 Nbd7 13. Rfe1 Rab8 14. b3 a6 15. Bf4 Rbd8 16. e5 Bxf3 17. Bxf3 (17. exd6 $5 Bxd1 18. Rxd1 $15) 17... dxe5 18. Bc1 Ne8 19. Bg2 f5 20. f3 Nd6 21. g4 g6 22. Bh6 Rfe8 23. gxf5 gxf5 24. Bh3 Kh8 25. Kh1 Nf7 26. Be3 Qc6 27. Qe2 Nf8 28. Bg2 Qc7 29. Rxd8 Rxd8 30. Rd1 Rxd1+ 31. Qxd1 Qd6 32. Qe2 Nd7 33. Na4 Nd8 34. b4 (34. Nb2 $17) 34... cxb4 $19 35. Bf1 Qc6 36. Nb2 a5 37. Kg2 Bc5 38. Bg5 Nf7 39. Bh4 Bd4 40. Nd1 a4 41. Be7 b3 42. axb3 axb3 43. Ba3 (43. c5 $142 Bxc5 (43... Nxc5 $2 44. Qb5 $19) 44. Bh4) 43... Nc5 44. Nb2 Qa8 45. Bxc5 Bxc5 (45... Qg8+ $142 46. Kh3 Bxc5 47. Nd3 Ng5+ 48. Kh4 Qg7 (48... Bd4 $2 49. c5 $19) 49. Nxc5 b2 50. Qd1 Nxf3+ 51. Qxf3 b1=Q (51... b1=B $2 52. Qa8+ Qg8 53. Qxg8+ Kxg8 54. Nxe6 $18) 52. Qa8+ Qg8 53. Qxg8+ Kxg8 54. Be2 Qe1+ 55. Kg5 Qxe2 56. Kf6 f4 (56... Qxh2 57. Kxe6 Qf4 58. Nd7 Qxc4+ 59. Kd6 e4 60. Nf6+ Kf7 61. Nd5 e3 62. Nxe3 Qe6+ 63. Kc5 Qxe3+ 64. Kd5 Qc3 65. Kd6 Qa5 66. Kc6 Ke6 67. Kb7 Kd6 68. Kb8 Kc6 69. Kc8 Qc7#) (56... Qxc4 57. Nxe6 f4 58. Ng5 h6 59. Nh3 Qd4 60. Ke7 f3 61. Kf6 Qh4+ 62. Kxe5 Qxh3 63. Kd4 f2 64. Ke4 Qe6+ 65. Kd4 f1=Q 66. Kc3 Qec4+ 67. Kd2 Qfe2#) 57. h4 f3 (57... Qxc4 58. Kxe5 Qxc5+ 59. Kxf4 Qc3 60. h5 Qd3 61. Kg4 Qe3 62. Kh4 Kg7 63. Kg4 Kf6 64. h6 e5 65. Kh4 Kf5 66. Kh5 Qh3#) 58. Nd7 Qxc4 (58... f2 59. Ke7 Qxc4 60. Nf6+ Kh8 61. Ne8 f1=Q 62. Nd6 Qb4 63. Kxe6 Qa6 64. Kf7 Qaxd6 65. h5 Qe7#) 59. Nxe5 Qf4+ (59... Qxh4+ 60. Kxe6 f2 61. Nf3 Qc4+ 62. Kf6 f1=Q 63. Ke7 Qc7+ 64. Ke6 Qa6+ 65. Kf5 Qg6#) 60. Kxe6 f2 (60... Qxh4 61. Nxf3 Qh3+ 62. Ke5 Qxf3 63. Kd4 h5 64. Ke5 h4 65. Ke6 h3 66. Ke5 h2 67. Kd4 h1=Q 68. Ke5 Qe4+ 69. Kd6 Qc6+ 70. Ke7 Qh4#) 61. Nd3 Qc4+ (61... f1=Q 62. Nxf4 Qxf4 63. Kd5 Qxh4 64. Kc5 Kf7 65. Kb5 Ke6 66. Kc5 Qa4 67. Kb6 Kd6 68. Kb7 Qb5+ 69. Ka8 Kc7 70. Ka7 Qb7#) 62. Ke7 Qxd3 (62... f1=B 63. Nf2 Qc5+ 64. Kf6 Qxf2+ 65. Ke5 Bg2 66. Ke6 Qd4 67. Ke7 Bh3 68. h5 Qd7+ 69. Kf6 Qg7#) (62... Qe4+ 63. Kd7 f1=Q 64. Kd6 Qf6+ 65. Kc7 Qfc6+ 66. Kd8 Qxh4#) (62... f1=Q 63. Nf4 Qc7+ 64. Ke6 Qfxf4 65. h5 Qff7#) 63. h5 f1=Q (63... f1=B 64. Kf6 Qd4+ 65. Ke7 Bh3 66. h6 Bc8 67. Ke8 Qd7#) 64. Ke6 Qf7+ 65. Ke5 Qff5#) 46. Nd3 Bd4 (46... Qg8+ $142 47. Kh3 b2 48. Nxb2 Ng5+ 49. Kh4 e4 50. fxe4 Nxe4 51. Nd3 Qg5+ 52. Kh3 Qh6+ 53. Kg2 Qg6+ 54. Kh3 Bd6 55. Qd1 Qh6+ 56. Kg2 Qxh2+ 57. Kf3 Qh5+ (57... Qg3+ {gets mated.} 58. Ke2 Qg4+ 59. Ke3 Qxd1 60. c5 Bxc5+ 61. Kf4 Bd4 62. Bh3 Qxd3 63. Bxf5 Qg3+ 64. Kxe4 Qe3#) 58. Ke3 Qxd1 59. c5 Bxc5+ 60. Kf4 Bd4 (60... Qxf1+ {is a self mate.} 61. Ke5 Qxd3 62. Kxe6 Ng3 63. Kf7 Qd7+ 64. Kf6 Qe7#) 61. Bh3 Qxd3 (61... Qd2+ {leads to mate.} 62. Kf3 Qxd3+ 63. Kg2 Qg3+ 64. Kh1 Qxh3#) 62. Bxf5 Qg3+ 63. Kxe4 Qe3#) 47. c5 e4 48. fxe4 fxe4 49. Nb2 Qg8+ 50. Kh3 Ng5+ 0-1

[Event "WSTCC-50 2024"]
[Site "Krakow"]
[Date "2024.07.05"]
[Round "4.6"]
[White "Jhunjhnuwala, Naresh"]
[Black "Narva, Regina"]
[Result "0-1"]
[ECO "B23"]
[WhiteElo "2009"]
[BlackElo "1921"]
[Annotator "NA RC"]
[PlyCount "90"]
[EventDate "2024.07.01"]
[EventType "team-tourn"]
[EventCountry "POL"]
[SourceTitle "playchess.com"]
[Source "ChessBase"]
[SourceQuality "1"]
[TimeControl "40/5400+30:1800+30"]

1. e4 c5 2. Nc3 Nc6 3. f4 d6 4. Nf3 g6 5. Bc4 Bg7 6. Ng5 e6 7. O-O Nh6 8. d3 O-O 9. a4 Nd4 10. h3 a6 11. Be3 Rb8 12. Qd2 b5 13. axb5 axb5 14. Bb3 d5 15. exd5 exd5 16. Nd1 Nhf5 17. Kh2 Nxe3 18. Nxe3 Nxb3 19. cxb3 d4 20. Ng4 Qd5 21. b4 Bb7 22. Nf3 c4 23. dxc4 bxc4 24. Ra5 Qd6 25. Nge5 Bxf3 26. Rxf3 Qxb4 27. Qxb4 Rxb4 28. Rc5 Bxe5 29. fxe5 d3 30. Rf1 Rd8 31. Rd1 d2 32. Kg1 Rd4 33. Kf2 Rxb2 34. Ke3 Rd3+ 35. Ke2 Rg3 36. Rxc4 Rxg2+ 37. Kf1 Rg3 38. Rd4 Rxh3 39. R1xd2 Rxd2 40. Rxd2 Rh5 41. Re2 Kf8 42. e6 f6 43. e7+ Ke8 44. Re6 Re5 45. Rxf6 Rf5+ 0-1

[Event "WSTCC-50 2024"]
[Site "Krakow"]
[Date "2024.07.05"]
[Round "4.7"]
[White "Flear, Glenn C"]
[Black "Arnason, Jon L"]
[Result "1/2-1/2"]
[ECO "D20"]
[WhiteElo "2390"]
[BlackElo "2421"]
[Annotator "TA"]
[PlyCount "133"]
[EventDate "2024.07.01"]
[EventType "team-tourn"]
[EventCountry "POL"]
[SourceTitle "playchess.com"]
[Source "ChessBase"]
[SourceQuality "1"]
[TimeControl "40/5400+30:1800+30"]

1. d4 d5 2. c4 dxc4 3. e3 Nf6 4. Bxc4 e6 5. Nf3 a6 6. Qe2 c5 7. dxc5 Bxc5 8. O-O b5 9. Bd3 Nbd7 10. e4 {[%emt 0:09:25] D26: Queen's Gambit Accepted: 4 e3 e6 5 Bxc5 c5 sidelines.} Bb7 11. Nbd2 Be7 12. Nb3 O-O 13. Bd2 b4 14. Rac1 $146 ({Predecessor:} 14. a3 a5 15. axb4 axb4 16. Bf4 Qb6 17. Nfd2 {½-½ Lengyel,L-Petrosian,T Alekhine Memorial-02 1971 (13)}) 14... a5 15. Bf4 a4 16. Bc7 Qc8 17. Na5 Nc5 18. Bb6 $1 Bxe4 19. Bxc5 (19. Bxe4 $11 {keeps the balance.} Nfxe4 20. Ne5) 19... Bxc5 $17 (19... Rxa5 $2 {loses.} 20. Bxe7 Qd7 21. Bxf8 (21. Bxe4 Qxe7 22. Qe3 Qa7 $18) 21... Bxd3 22. Qd2 $18) 20. Bxe4 Rxa5 21. Ne5 Nxe4 22. Qxe4 Qa8 23. Rfe1 Qxe4 (23... Rc8 {looks sharper.} 24. Qf4 Ra7 25. Red1 Rac7) 24. Rxe4 Bd6 25. Nc6 Rb5 26. Rcc4 (26. Rd4 $15 Rd5 27. Rcc4) 26... b3 $17 27. axb3 Rxb3 28. Rxa4 Rxb2 29. g3 Bc5 30. Nd4 Rd8 31. Ne2 (31. Kg2 $17) 31... g6 32. Rac4 Rd5 33. Kf1 Kg7 34. Rc3 Rf5 35. Rf4 Rxf4 36. gxf4 Bb6 37. h3 Kf6 38. Rc4 h5 39. Re4 Bc7 40. Kg2 Bb8 41. Kf3 Ba7 42. Ra4 Bb6 43. Rc4 Ke7 44. Ra4 Kd6 45. Ra3 f5 46. Rd3+ {[%emt 0:00:00] [#]} Ke7 $1 47. Nd4 Kf6 48. Kg2 h4 49. Rd1 Rb4 50. Ne2 Bc7 51. Kf3 Rb3+ 52. Kg2 Rb2 53. Kf3 (53. Rc1 $17 {is a better defense.}) 53... g5 $19 54. fxg5+ Kxg5 55. Nd4 Kf6 56. Re1 (56. Rc1 $142 Bb6 57. Rc4) 56... e5 $19 57. Re2 Rb1 58. Nc2 Rg1 (58... e4+ $19 {is more deadly.} 59. Kg2 Bb6) 59. Re1 $17 Rg8 60. Ne3 e4+ 61. Ke2 Ke6 (61... Bf4 $17 {Threatens to win with ...Bxe3.} 62. Ra1 Bxe3 63. Ra6+ Kg5 64. Kxe3 Rd8) 62. Ra1 (62. Rc1 $11 {was the only way to keep the balance.} Bd6 63. Rc6) 62... f4 (62... Rb8 $17 {...f4 would now be deadly.} 63. Ra6+ Rb6 64. Rxb6+ Bxb6) 63. Ra6+ $11 Bd6 64. Nc4 Rd8 65. Nd2 Kd5 66. Ra5+ $1 Bc5 67. Nxe4 1/2-1/2

[Event "WSTCC-50 2024"]
[Site "Krakow"]
[Date "2024.07.05"]
[Round "4.7"]
[White "Fomina, Tatyana"]
[Black "Jhunjhnuwala, Ramesh"]
[Result "1-0"]
[ECO "B20"]
[WhiteElo "2192"]
[BlackElo "2050"]
[Annotator "RC"]
[PlyCount "65"]
[EventDate "2024.07.01"]
[EventType "team-tourn"]
[EventCountry "POL"]
[SourceTitle "playchess.com"]
[Source "ChessBase"]
[SourceQuality "1"]
[TimeControl "40/5400+30:1800+30"]

1. e4 c5 2. Ne2 e6 3. Nbc3 Nc6 4. g3 Nf6 5. Bg2 Qb6 6. O-O Be7 7. b3 d6 8. Bb2 Bd7 9. Kh1 h5 10. h3 O-O-O 11. a4 a6 12. a5 Nxa5 13. Na4 Qc7 14. d4 b5 15. Nac3 Bc6 16. d5 exd5 17. Nxd5 Bxd5 18. exd5 Qb6 19. Qd2 Nb7 20. b4 Ne8 21. Ra3 cxb4 22. Qxb4 Bf6 23. Bxf6 Nxf6 24. Nd4 a5 25. Qc3+ Qc5 26. Nxb5 Qxc3 27. Rxc3+ Kb8 28. Nd4 Ka8 29. Ra1 Rd7 30. Nc6 Rc8 31. Rca3 Rcc7 32. Rb1 g6 33. Rxa5+ 1-0

[Event "WSTCC-50 2024"]
[Site "Krakow"]
[Date "2024.07.05"]
[Round "4.7"]
[White "Fleish, Felix"]
[Black "Regan, Natasha K"]
[Result "1-0"]
[ECO "C79"]
[WhiteElo "2161"]
[BlackElo "2015"]
[Annotator "RC"]
[PlyCount "69"]
[EventDate "2024.07.01"]
[EventType "team-tourn"]
[EventCountry "POL"]
[SourceTitle "playchess.com"]
[Source "ChessBase"]
[SourceQuality "1"]
[TimeControl "40/5400+30:1800+30"]

1. e4 e5 2. Nf3 Nc6 3. Bb5 a6 4. Ba4 Nf6 5. O-O d6 6. Bxc6+ bxc6 7. d4 exd4 8. Nxd4 c5 9. Nc6 Qd7 10. Na5 Be7 11. Nc3 O-O 12. Bf4 Bd8 13. e5 Qf5 14. exf6 Qxf4 15. fxg7 Kxg7 16. Re1 Bg4 17. Qd3 Bf5 18. Qe2 Kh8 19. Nc6 Rg8 20. Nd5 Qg5 21. f4 Qg7 22. Nce7 Be6 23. Nxg8 Bxd5 24. Qd2 Be6 25. f5 Bg5 26. Qf2 Rxg8 27. fxe6 fxe6 28. Rxe6 Bh4 29. g3 Qxb2 30. Rae1 Qxa2 31. Re8 Bg5 32. Qf5 h6 33. Qg6 Qd5 34. Rxg8+ Qxg8 35. Re8 1-0

[Event "WSTCC-50 2024"]
[Site "Krakow"]
[Date "2024.07.05"]
[Round "4.8"]
[White "Thorhallsson, Throstur"]
[Black "Arkell, Keith C"]
[Result "1-0"]
[ECO "B13"]
[WhiteElo "2385"]
[BlackElo "2375"]
[Annotator "TA"]
[PlyCount "81"]
[EventDate "2024.07.01"]
[EventType "team-tourn"]
[EventCountry "POL"]
[SourceTitle "playchess.com"]
[Source "ChessBase"]
[SourceQuality "1"]
[TimeControl "40/5400+30:1800+30"]

1. e4 c6 2. d4 d5 3. exd5 cxd5 4. Bd3 Nc6 5. c3 Nf6 6. h3 g6 7. Nf3 Bf5 8. Be2 Bg7 9. O-O {[%emt 0:01:06] White has an edge.} O-O 10. Re1 Ne4 11. Bf1 Qb6 12. Qb3 Qxb3 13. axb3 a5 14. Bf4 f6 15. Na3 g5 16. Bh2 h5 17. Nb5 e6 18. Bd3 Nxc3 19. Bxf5 Nxb5 20. Bxe6+ Kh8 21. Bxd5 Nbxd4 22. Nxd4 Nxd4 23. Re7 (23. Bxb7 Ra7 24. Re7 Nxb3) 23... Rad8 $1 24. Bf7 {[%emt 0:03:20] A strong pair of Bishops.} (24. Rxa5 Nc6 25. Bc7 Nxe7 $19) 24... b5 25. Bxh5 (25. b4 $5) 25... Nxb3 26. Rae1 Nc5 {[%emt 0:06:05] Dodges Rb7} (26... Rd2 $11 {keeps the balance.}) 27. Bc7 $36 {[%emt 0:02:45][%csl LRa5,LRd8][%mdl 2048] Keeping Black busy. White is more active.} Rd2 (27... Rd7 $16 {keeps fighting.}) 28. Bxa5 $18 Rxb2 29. Rc7 (29. Bc3 Rc2 $16) 29... Na6 30. Ra7 Nb4 31. Bxb4 (31. Bf3 $142) 31... Rxb4 {[%emt 0:00:02] [#]} 32. Ree7 $1 Rg8 33. g3 f5 34. Rab7 (34. Bf7 $18 Bd4 35. Rad7) 34... f4 $2 (34... Re4 $16 {was called for.}) 35. g4 (35. Bf7 $18 Bf8 36. Re6 fxg3 37. Bxg8 (37. fxg3 Bc5+ 38. Kf1 Ra8 $11) 37... gxf2+ 38. Kxf2 Rf4+ 39. Kg3 Kxg8 40. Rg6+ (40. Rxb5 Kf7 $18) 40... Kh8 41. Rxg5 (41. Rxb5 Be7 $18)) 35... f3 $2 {[%emt 0:00:35] A mistake that costs the game.} (35... Rb1+ $16 36. Kh2 Rb2) 36. Bg6 {[%emt 0:00:40][%cal Oe7e5] [#] Re5! is the strong threat.} Rb2 (36... Rc4 $142 37. Rxb5 Rgc8 38. Rxg5 Bf6 39. Rh7+ Kg8) 37. Be4 {[%emt 0:02:35][%cal Oe7e5] aiming for Re5!} Re2 $2 (37... Rd2 38. Rxb5 Rd6 39. Rxg5 Rh6 40. Bxf3 (40. Bd5 Rxh3 41. Rf7 Re8 $18) 40... Bf6) 38. Rxb5 Rd8 39. Rxg5 Rd1+ 40. Kh2 {[%emt 0:00:05] Threatening mate with Re8+.} Rxf2+ 41. Kg3 {[%emt 0:30:05] Weighted Error Value: White=0.23 (precise) /Black=0.60.  Loses game:     	---       	Black=1      Mistake:       	White=3     	Black=5      Inaccurate:     	White=4     	Black=2      OK:         	White=11    	Black=6      Best:        	White=2     	Black=4      Strong:       	---       	Black=1} 1-0

[Event "WSTCC-50 2024"]
[Site "Krakow"]
[Date "2024.07.05"]
[Round "4.8"]
[White "Fink-Nunn, Petra"]
[Black "Bulkovstein, David"]
[Result "0-1"]
[ECO "C18"]
[WhiteElo "1947"]
[BlackElo "1842"]
[Annotator "NA RC"]
[PlyCount "70"]
[EventDate "2024.07.01"]
[EventType "team-tourn"]
[EventCountry "POL"]
[SourceTitle "playchess.com"]
[Source "ChessBase"]
[SourceQuality "1"]
[TimeControl "40/5400+30:1800+30"]

1. e4 e6 2. d4 d5 3. Nc3 Bb4 4. e5 c5 5. a3 Bxc3+ 6. bxc3 Nc6 7. Qg4 g6 8. h4 Qa5 9. Bd2 Qa4 10. Nf3 h6 11. Bd3 Nge7 12. Qf4 c4 13. Qf6 Rh7 14. Be2 Ng8 15. Qf4 Bd7 16. Ra2 O-O-O 17. O-O Qa5 18. Rb1 Nce7 19. Nh2 Ba4 20. Ng4 Qc7 21. Rb4 Bc6 22. a4 b6 23. Bc1 Kb7 24. Ba3 f5 25. Ne3 g5 26. hxg5 Ng6 27. Qf3 hxg5 28. Nxf5 exf5 29. Qxf5 N8e7 30. Qxg5 Rdh8 31. f4 Rg8 32. Qf6 Rf8 33. Qg5 Nxf4 34. Bf3 Nh3+ 35. gxh3 Rg8 0-1

[Event "WSTCC-50 2024"]
[Site "Krakow"]
[Date "2024.07.05"]
[Round "4.8"]
[White "Jhunjhnuwala, Suresh"]
[Black "Korge, Kersti"]
[Result "1-0"]
[ECO "B01"]
[WhiteElo "1888"]
[BlackElo "1859"]
[Annotator "NA RC"]
[PlyCount "101"]
[EventDate "2024.07.01"]
[EventType "team-tourn"]
[EventCountry "POL"]
[SourceTitle "playchess.com"]
[Source "ChessBase"]
[SourceQuality "1"]
[TimeControl "40/5400+30:1800+30"]

1. e4 d5 2. exd5 Qxd5 3. Nf3 Bg4 4. Be2 Nf6 5. Nc3 Qd8 6. d4 e6 7. h3 Bh5 8. a3 a6 9. O-O Be7 10. Bf4 O-O 11. Ne5 Bxe2 12. Nxe2 c5 13. dxc5 Bxc5 14. Qxd8 Rxd8 15. Rfd1 Nc6 16. Nxc6 bxc6 17. Bg5 Rxd1+ 18. Rxd1 Ne4 19. Be3 Bxe3 20. fxe3 Kf8 21. Rd7 Ke8 22. Rc7 c5 23. Nf4 Rd8 24. Nd3 Rd5 25. b3 Rg5 26. Rc6 a5 27. Ra6 c4 28. bxc4 Nd2 29. c5 Nc4 30. Kf2 Rf5+ 31. Ke2 Kd7 32. a4 e5 33. e4 Rg5 34. Kf2 f5 35. c6+ Kc7 36. Nc5 Rg6 37. exf5 Rxc6 38. Ne6+ Kd7 39. Rxc6 Kxc6 40. Nxg7 Kd6 41. Ne6 Nb6 42. Nd8 Kc5 43. Ke3 Kd5 44. f6 Nd7 45. f7 Nf8 46. g4 Kc4 47. Nc6 Kc3 48. Nxa5 Kb4 49. Nc6+ Kxa4 50. Nxe5 Kb4 51. Kd4 1-0

[Event "WSTCC-50 2024"]
[Site "Krakow"]
[Date "2024.07.05"]
[Round "4.9"]
[White "Sokolin, Leonid"]
[Black "Belakovskaia, Anjelina"]
[Result "1/2-1/2"]
[ECO "B12"]
[WhiteElo "2454"]
[BlackElo "2171"]
[Annotator "TA"]
[PlyCount "40"]
[EventDate "2024.07.01"]
[EventType "team-tourn"]
[EventCountry "POL"]
[SourceTitle "playchess.com"]
[Source "ChessBase"]
[SourceQuality "1"]
[TimeControl "40/5400+30:1800+30"]

1. e4 c6 2. d4 d5 3. e5 Bf5 4. h4 h6 5. g4 Bc8 6. Nc3 e6 7. Be3 b6 8. Nf3 {[%emt 0:07:30] White is more active. White is slightly better.} Bb4 9. g5 Ba6 10. Bxa6 Bxc3+ $1 11. bxc3 Nxa6 12. g6 Ne7 13. gxf7+ Kxf7 (13... Kd7 {with more complications.} 14. h5 Nf5 15. Qd3 Nc7) 14. h5 Nf5 {[%emt 0:00:29] Repels Nh4} 15. Qd3 Nc7 16. Kd2 Ke8 17. Rag1 Kd7 18. Rg4 Qe7 19. Nh4 Nxh4 20. Rhxh4 Rhf8 {[%emt 0:01:08] Weighted Error Value: White=0.10 (very precise) /Black=0.07 (flawless) .  Inaccurate:     	White=3     	Black=1      OK:         	White=6     	Black=7      Strong:       	---       	Black=1} 1/2-1/2

[Event "WSTCC-50 2024"]
[Site "Krakow"]
[Date "2024.07.05"]
[Round "4.9"]
[White "Plotkin, Victor"]
[Black "Zeidler, Sven P."]
[Result "1-0"]
[ECO "B00"]
[WhiteElo "2264"]
[BlackElo "2116"]
[Annotator "TA"]
[PlyCount "77"]
[EventDate "2024.07.01"]
[EventType "team-tourn"]
[EventCountry "POL"]
[SourceTitle "playchess.com"]
[Source "ChessBase"]
[SourceQuality "1"]
[TimeControl "40/5400+30:1800+30"]

1. e4 Nc6 2. Nf3 d6 3. d4 Nf6 4. Nc3 g6 5. g3 Bg7 6. Bg2 O-O 7. O-O Bg4 8. h3 Bxf3 9. Bxf3 e5 {[%emt 0:01:58] Weiß hat minimalen Vorteil.} 10. d5 Ne7 11. Bg2 Ne8 12. Qd3 f5 13. f4 Nf6 14. fxe5 dxe5 15. exf5 gxf5 16. Bg5 h6 17. Bh4 (17. Qc4 $5 Kh8 18. Be3 $14) 17... Qd6 (17... e4 {sieht schärfer aus.} 18. Qc4 Kh8 19. g4 fxg4 20. hxg4 Nexd5 21. g5 hxg5 22. Bxg5 Qd7) 18. Kh1 {[%emt 0:03:26] Aktives Gegenspiel!} a6 (18... e4 $11 {war vorzuziehen.} 19. Qc4 Kh8) 19. Rad1 (19. g4 {hält die Spannung aufrecht.} e4 20. Qc4 b5 21. Qb3) 19... Rf7 (19... e4 $11 {bleibt in der Remisbreite.} 20. Qe3 Rae8 (20... Nexd5 $2 21. Nxd5 Nxd5 22. Qb3 $18)) 20. Qe2 ({Besser ist} 20. g4 $1 $16) 20... Raf8 $11 21. a3 Nd7 22. Bxe7 Rxe7 23. g4 (23. Qh5 $1 $11) 23... e4 $15 24. gxf5 Bxc3 25. bxc3 Qxa3 $2 (25... Nf6 $17 {hält den Druck.}) 26. d6 $1 $16 (26. Bxe4 $6 Qxc3 27. Qh5 Rf6 $11 (27... Rxe4 $2 28. Rg1+ $18)) 26... cxd6 27. Bxe4 {[%emt 0:01:23] Und jetzt Bd5+ wäre schön.} Nf6 {[%emt 0:00:49] [#]} 28. Qc4+ (28. Rg1+ $1 $16 Kh7 29. Qg2) 28... Kh8 29. Bf3 Qc5 30. Qf4 Qe5 $2 {[%emt 0:00:42] Danach kann Schwarz die Partie nicht mehr halten.} (30... d5 $11 {und Schwarz steht sicher.}) 31. Qxh6+ $18 Nh7 32. Rxd6 Rxf5 {[%emt 0:01:58][%cal Of5f8] [#]} 33. Rg1 $1 Rf8 {[%emt 0:00:15] [#] Verhindert Rd8.} ({Schlechter ist} 33... Rxf3 34. Rd8+ Re8 35. Rxe8+ Qxe8 36. Qg7#) 34. Rdg6 $1 Qf5 (34... Ref7 35. Re6) 35. R6g3 $40 {[%emt 0:01:12][%mdl 128] Droht stark c4. Weiss hat starken Angriff.} Qf6 $2 (35... b5 36. Qxa6 Nf6) 36. Bd5 (36. Qh5 $142) 36... Ree8 {[%emt 0:01:28] Schwarz ist schwach auf den weissen Feldern} (36... Re1 $18 37. Qxf6+ Nxf6 38. Rxe1 Nxd5) 37. Qh5 {[%emt 0:01:20] Weiß setzt Matt.} Qd8 38. c4 Qb6 39. Rg7 {[%emt 0:00:42] Gewichteter Fehlerwert: Weiß=0.26 (präzise) /Schwarz=0.42.  Verlustzug:     	---       	Schwarz=1     Fehler:       	Weiß=4     	Schwarz=5     Ungenau:       	Weiß=4     	Schwarz=3     OK:         	Weiß=8     	Schwarz=11    Bester:       	Weiß=2     	Schwarz=2     Stark:        	Weiß=2     	---} 1-0

[Event "WSTCC-50 2024"]
[Site "Krakow"]
[Date "2024.07.05"]
[Round "4.9"]
[White "Csonkics, Tunde"]
[Black "Delaney, John"]
[Result "1/2-1/2"]
[ECO "A04"]
[WhiteElo "1995"]
[BlackElo "2167"]
[Annotator "RC"]
[PlyCount "65"]
[EventDate "2024.07.01"]
[EventType "team-tourn"]
[EventCountry "POL"]
[SourceTitle "playchess.com"]
[Source "ChessBase"]
[SourceQuality "1"]
[TimeControl "40/5400+30:1800+30"]

1. Nf3 e6 2. g3 f5 3. Bg2 Nf6 4. c4 d5 5. O-O c6 6. d3 Bd6 7. Nc3 O-O 8. e4 Bc7 9. exf5 dxc4 10. dxc4 Qxd1 11. Rxd1 exf5 12. Re1 Nbd7 13. b3 Ba5 14. Bd2 Nc5 15. Nd5 Bxd2 16. Nxf6+ Rxf6 17. Nxd2 Bd7 18. Nf3 f4 19. Ne5 fxg3 20. hxg3 Bf5 21. b4 Nd3 22. Nxd3 Bxd3 23. Rac1 Bf5 24. Re7 Rf7 25. Rce1 a6 26. b5 axb5 27. cxb5 Rxa2 28. Re8+ Rf8 29. bxc6 bxc6 30. Bxc6 Ra5 31. R8e5 Rxe5 32. Rxe5 Bg6 33. Bd5+ 1/2-1/2

[Event "WSTCC-50 2024"]
[Site "Krakow"]
[Date "2024.07.05"]
[Round "4.10"]
[White "Marinello, Beatriz"]
[Black "Paschall, William"]
[Result "0-1"]
[ECO "A47"]
[WhiteElo "2109"]
[BlackElo "2312"]
[Annotator "RC"]
[PlyCount "162"]
[EventDate "2024.07.01"]
[EventType "team-tourn"]
[EventCountry "POL"]
[SourceTitle "playchess.com"]
[Source "ChessBase"]
[SourceQuality "1"]
[TimeControl "40/5400+30:1800+30"]

1. d4 Nf6 2. Nf3 b6 3. e3 Bb7 4. Be2 c5 5. O-O g6 6. b3 Bg7 7. Bb2 O-O 8. c4 e6 9. Nc3 d6 10. Qd2 Qe7 11. Rad1 Rd8 12. Qc1 Nbd7 13. Qa1 Ne8 14. Rd2 f5 15. Rfd1 Ndf6 16. dxc5 bxc5 17. h3 Rab8 18. Ne1 g5 19. Bf3 h5 20. Bxb7 Rxb7 21. Qb1 Bh6 22. Qd3 Qh7 23. Re2 Ne4 24. Nxe4 fxe4 25. Qc2 g4 26. hxg4 hxg4 27. f3 gxf3 28. gxf3 exf3 29. Qxh7+ Rxh7 30. Nxf3 Rdd7 31. Rg2+ Kf8 32. Kf2 Rdf7 33. Ke2 Ke7 34. Rg6 Bg7 35. Bxg7 Rfxg7 36. Rdg1 Rxg6 37. Rxg6 Rh1 38. Kd3 Ra1 39. Rg2 Rd1+ 40. Kc3 Rf1 41. Nd2 Re1 42. Kd3 Rd1 43. Kc3 Rh1 44. Ne4 Kd7 45. Kd3 a6 46. Rg6 Rh2 47. Nc3 Ke7 48. Rg3 Rf2 49. Ne2 Kf7 50. Nc3 Nf6 51. Rg5 Rh2 52. Rg3 Rh4 53. Rf3 Ke7 54. Rg3 Ng4 55. Kd2 Kd7 56. Ne4 Kc6 57. Kc3 Ne5 58. Nd2 Rh2 59. e4 Rh4 60. a3 Rh1 61. b4 Rc1+ 62. Kb2 Rh1 63. Kc3 Re1 64. bxc5 Kxc5 65. Nb3+ Kb6 66. Nd2 a5 67. a4 Ra1 68. Kb3 Nd7 69. Rg8 Nc5+ 70. Kb2 Rxa4 71. Rd8 Kc7 72. Ra8 e5 73. Rh8 Rb4+ 74. Kc2 Rb8 75. Rh7+ Kb6 76. Rh1 Kc6 77. Ra1 a4 78. Ra3 Rh8 79. Re3 Rh2 80. Kc1 Kb6 81. Nb1 Ka5 0-1

[Event "WSTCC-50 2024"]
[Site "Krakow"]
[Date "2024.07.05"]
[Round "4.10"]
[White "Davis, Lee"]
[Black "Cummings, David H."]
[Result "0-1"]
[ECO "A46"]
[WhiteElo "1932"]
[BlackElo "2314"]
[Annotator "TA"]
[PlyCount "86"]
[EventDate "2024.07.01"]
[EventType "team-tourn"]
[EventCountry "POL"]
[SourceTitle "playchess.com"]
[Source "ChessBase"]
[SourceQuality "1"]
[TimeControl "40/5400+30:1800+30"]

1. d4 Nf6 2. Nf3 e6 3. g3 c5 4. Bg2 cxd4 5. O-O d5 6. Nxd4 e5 7. Nb3 Be6 8. c4 Nc6 9. cxd5 Nxd5 10. Nc3 {[%emt 0:07:02] Die Stellung ist ausgeglichen.} (10. N1d2 $5) 10... Nxc3 11. Qxd8+ Rxd8 (11... Nxd8 {vereinfacht} 12. bxc3 Rc8 13. Bb2 Be7) 12. bxc3 Bd5 13. Bxd5 Rxd5 14. Be3 Be7 15. Rfd1 Rd8 16. Nc5 b6 17. Rxd8+ Kxd8 18. Rd1+ Kc7 19. Nb3 Rd8 20. Rxd8 Nxd8 $15 {[%emt 0:00:41][%mdl 4096] Endspiel. KBN-KBN} 21. f3 Kc6 22. c4 {[%emt 0:02:55] Ab hier gerät Weiß ins Schliddern.} (22. Kf1 $15) 22... Nb7 $17 23. Kf1 Bb4 24. Bf2 Nd6 25. e4 Nxc4 26. Ke2 Nb2 27. f4 f6 28. Be3 Kb5 29. fxe5 fxe5 30. Bc1 Na4 {[%emt 0:02:04] Droht stark ...Kc4.} 31. a3 $2 {[%emt 0:03:58] [#]} (31. Kd3) 31... Kc4 $19 {[%emt 0:03:16] Schwarz steht klar auf Gewinn.} 32. Nd2+ Bxd2 33. Bxd2 {[%emt 0:00:37] KB-KN} Kd4 34. Bb4 Kxe4 35. Bf8 g6 36. Bd6 Nc3+ 37. Kd2 Nb5 38. Bb8 Nxa3 39. Bxa7 Nc4+ 40. Kc3 Kd5 41. Bb8 e4 42. Bf4 e3 43. Kd3 b5 {[%emt 0:00:07] Gewichteter Fehlerwert: Weiß=0.55/Schwarz=0.02 (makellos) .  Fehler:       	Weiß=2     	---        OK:         	Weiß=9     	Schwarz=15    Bester:       	---       	Schwarz=2} 0-1